 Dungeon Crawl Stone Soup version 0.21.0-24-g2553a33 (webtiles) character file.

2 zhorgal the Skirmisher (level 1, -5/11 HPs)
             Began as a Vine Stalker Wanderer on Jan 19, 2018.
             Slain by a kobold
             ... wielding a +0 short sword
              (6 damage)
             ... on level 1 of the Dungeon.
             The game lasted 00:00:53 (149 turns).

zhorgal the Skirmisher (Vine Stalker Wanderer)       Turns: 149, Time: 00:00:54

Health: -5/11      AC:  2    Str: 14    XL:     1   Next: 30%
Magic:  0/3        EV: 11    Int: 12    God:
Gold:   14         SH:  0    Dex: 13    Spells: 1/2 levels left

rFire    . . .     SeeInvis .   (no weapon)
rCold    . . .     Gourm    .   (no shield)
rNeg     . . .     Faith    .   e - +0 robe
rPois    .         Spirit   +   (no helmet)
rElec    .         Reflect  .   (no cloak)
rCorr    .         Harm     .   (no gloves)
MR       .....                  (no boots)
Stlth    +.........             (no amulet)
HPRegen  0.03/turn              (no ring)
MPRegen  0.08/turn              (no ring)

@: no status effects
A: fangs 2, magic shield, antimagic bite, no potion heal 3, rot immunity
a: no special abilities


You were on level 1 of the Dungeon.
You were not hungry.

You visited 1 branch of the dungeon, and saw 1 of its levels.

You collected 14 gold pieces.

Inventory:

Hand Weapons
 a - a +2 shortbow
Missiles
 b - 25 arrows
Armour
 e - a +0 robe (worn)
Scrolls
 d - a scroll of teleportation
Books
 c - the Volume of Stones

   Spells                             Type                      Level
   a - Sandblast                      Earth                        1
   b - Stone Arrow                    Conjuration/Earth            3
Comestibles
 f - a ration
 g - a chunk of flesh


   Skills:
 + Level 2.6 Fighting
 - Level 2.0 Bows
 - Level 1.0 Throwing
 - Level 1.1 Spellcasting
   Level 1.0 Fire Magic
   Level 1.0 Poison Magic
   Level 1.0 Evocations


You had one spell level left.
You knew the following spells:

 Your Spells              Type           Power        Failure   Level  Hunger
a - Sandblast             Erth           #.....       30%         1    ##.....


Dungeon Overview and Level Annotations

Branches:
Dungeon (1/15)

Altars:


Innate Abilities, Weirdness & Mutations

You have extremely sharp teeth.
When hurt, damage is shared between your health and your magic reserves.
Your bite disrupts and absorbs the magic of your enemies.
Potions cannot restore your health.
You are immune to rotting.


Message History

The kobold barely misses you.
You hit the kobold but do no damage. Your bite misses the kobold.
The kobold hits you but does no damage.
You barely miss the kobold. The kobold hits you with a short sword.
You take 2 damage, and have 6/11 hp.
You closely miss the kobold. You bite the kobold, but do no damage.
The kobold hits you with a short sword.
You take 2 damage, and have 4/11 hp.
You now have 1/3 mp.
You barely miss the kobold. Your bite misses the kobold.
The kobold hits you with a short sword.
* * * LOW HITPOINT WARNING * * *
You take 3 damage, and have 1/11 hp.
MASSIVE DAMAGE!!
You now have 0/3 mp.
You hit the kobold but do no damage. You bite the kobold, but do no damage.
The kobold hits you but does no damage.
You barely miss the kobold. You bite the kobold, but do no damage.
The kobold hits you with a short sword.
You now have 0/3 mp.
You hit the kobold. The kobold hits you with a short sword.
Ouch! That really hurt!
You die...

#### #. # #..# #.##.
##### #<.###+### ####...#
...> #..'.....+ #....!.#
.?. ####..#..####
#..###.# #....###....#
#.#...### #.....#.....#
#.##....#
#.#.8.#.8.#.#####.##..#.#
#.#.......# #..@K.......#
#.###...###.#######..#.##
#...........# #..#.#
######...###### #..#.#
..............# #..#.#
#..........##.# #..#.#
#######.#####.######..#.#
#...............#.#
#######.###.##.##.#


You could see a kobold.

Vanquished Creatures
  A bat (D:1)
  A rat (D:1)
2 creatures vanquished.

Notes
Turn   | Place    | Note
-------+----------+-------------------------------------------
     0 | D:1      | zhorgal the Vine Stalker Wanderer began the quest for the Orb.
     0 | D:1      | zhorgal set off with: a +2 shortbow, 25 arrows, the Volume of Stones, a scroll of teleportation, a +0 robe, a ration
     0 | D:1      | Reached XP level 1. HP: 11/11 MP: 3/3
     0 | D:1      | Identified the Volume of Stones
     2 | D:1      | Learned a level 1 spell: Sandblast
   149 | D:1      | Slain by a kobold

Skill      XL: |  1 |
---------------+----+-----
Bows           | 2 |  2.0
Fighting       | |  2.6
Throwing       | |  1.0
Spellcasting   | |  1.1
Fire Magic     | |  1.0
Poison Magic   | |  1.0
Evocations     | |  1.0

Action                   || total
-------------------------++-------
Melee: Unarmed           ||    10
       Bite              ||     4
 Fire: Shortbow          ||     8
Armor: Robe              ||     2
Dodge: Dodged            ||     7
